cohdb
Replays
Latest Replays
All Replays
Popular Replays
Top Player Replays
Match Explorer
How It Works
Community
CoH3 Stats
Reddit
Sign in to upload your games and track your stats! →
Sign in with Steam
Match 39835265
Unlisted
Match 39835265
Overview
Messages
Build Orders
End
Selects Airborne Battlegroup
Selects Heavy Machine Gun Paradrop
Construct Barracks
Heavy Machine Gun Paradrop
Riflemen Squad
M1 Mortar Team
Grenade Package
Selects Paratrooper Squad Paradrop
Paratrooper Squad Paradrop
Construct Weapon Support Center
Infantry Support Center
Paratrooper Squad Paradrop
AI Takeover
Kylen
runningDuck
Yesmug
GruZ
PULA OT BABULY[POINTRUNNER]
SM
0
0
Comments
sign in to comment!
No comments posted yet!